SAAA
GRYFINDOR BRAVES @ PENNSAUKEN FLYERS
07/12/2032
 
TOP OF THE 1ST
Gryfindor Braves batting - Pitching for Pennsauken Flyers : RHP Romano Martínez
Pitching: RHP Romano Martínez
Batting: LHB José Cuervo 0-0: SINGLE (Flyball, 89M)
Batting: RHB Ernesto Souza 0-0: Ball
1-0: Fly out, F7 (Flyball, 78M)
Batting: LHB Jesús Lazcano 0-0: Swinging Strike
José Cuervo is caught stealing 2nd base
0-1: Swinging Strike
0-2: Ball
1-2: Ground out 5-3 (Groundball, 56)
Top of the 1st over - 0 runs, 1 hit, 0 errors, 0 left on base; Gryfindor 0 - Pennsauken 0
BOTTOM OF THE 1ST
Pennsauken Flyers batting - Pitching for Gryfindor Braves : RHP Eduardo Molina
Pitching: RHP Eduardo Molina
Batting: RHB Alan Bryan 0-0: Ball
1-0: Foul Ball, location: 2F
1-1: Ground out 5-3 (Groundball, 56)
Batting: RHB Clarence Therrien 0-0: Foul Ball, location: 2F
0-1: Ball
1-1: Ball
2-1: SINGLE (Line Drive, 34D)
Batting: RHB Enrique Ibarra 0-0: Ball
1-0: Called Strike
1-1: Foul Ball, location: 2F
1-2: Grounds into double play, 4-6-3 (Groundball, 4)
Bottom of the 1st over - 0 runs, 1 hit, 0 errors, 0 left on base; Gryfindor 0 - Pennsauken 0
TOP OF THE 2ND
Gryfindor Braves batting - Pitching for Pennsauken Flyers : RHP Romano Martínez
Batting: LHB Austin Hathaway 0-0: Foul Ball, location: 2F
0-1: Ground out U3 (Groundball, 3L)
Batting: LHB David Breitling 0-0: Ball
1-0: Called Strike
1-1: SINGLE (Flyball, 89M)
Batting: RHB Bob Petiet Pickoff Throw to First - Error! E1
David Breitling to second
0-0: Called Strike
0-1: Called Strike
0-2: Ground out 6-3 (Groundball, 6M)
David Breitling to third
Batting: LHB Donatas Montiejunas 0-0: Foul Ball, location: 2F
0-1: Ball
1-1: Ground out 4-3 (Groundball, 4)
Top of the 2nd over - 0 runs, 1 hit, 1 error, 1 left on base; Gryfindor 0 - Pennsauken 0
BOTTOM OF THE 2ND
Pennsauken Flyers batting - Pitching for Gryfindor Braves : RHP Eduardo Molina
Batting: RHB Ludwig Kluge 0-0: Ball
1-0: Called Strike
1-1: Ball
2-1: Ball
3-1: Called Strike
3-2: DOUBLE (Flyball, 89D)
Batting: RHB Chris Teague 0-0: Swinging Strike
0-1: Ball
Ludwig Kluge steals 3rd base
1-1: Ball
2-1: Foul Ball, location: 2F
2-2: Fly out, F7 (Flyball, 78D)
Runner from 3rd tags up, SCORES, no throw
Batting: RHB Bartolo Rosas 0-0: Called Strike
0-1: Swinging Strike
0-2: Ball
1-2: Ball
2-2: Fly out, F7 (Flyball, 7LM)
Batting: LHB Juan Gabriel 0-0: Ball
1-0: Swinging Strike
1-1: Fly out, F2 (Popup, 25F)
Bottom of the 2nd over - 1 run, 1 hit, 0 errors, 0 left on base; Gryfindor 0 - Pennsauken 1
TOP OF THE 3RD
Gryfindor Braves batting - Pitching for Pennsauken Flyers : RHP Romano Martínez
Batting: RHB Roy Herring 0-0: Ball
1-0: Ball
2-0: Called Strike
2-1: Ball
3-1: Base on Balls
Batting: RHB César Ramos 0-0: Foul Ball, location: 2F
0-1: Swinging Strike
0-2: Ball
1-2: Foul Ball, location: 2F
1-2: Fielders Choice at 2nd, 5-4 (Groundball, 5)
Batting: LHB José Cuervo 0-0: Ball
1-0: Ball
2-0: Ball
3-0: Base on Balls
César Ramos to second
Batting: RHB Ernesto Souza 0-0: Ball
1-0: Foul Ball, location: 2F
1-1: Ball
2-1: Swinging Strike
Error on foul ball, E5
2-2: Grounds into double play, 5-4-3 (Groundball, 56)
Top of the 3rd over - 0 runs, 0 hits, 1 error, 1 left on base; Gryfindor 0 - Pennsauken 1
BOTTOM OF THE 3RD
Pennsauken Flyers batting - Pitching for Gryfindor Braves : RHP Eduardo Molina
Batting: RHB Kazuyoshi Yoshida 0-0: Called Strike
0-1: Ball
1-1: Foul Ball, location: 2F
1-2: Ball
2-2: Ball
3-2: Foul Ball, location: 2F
3-2: Foul Ball, location: 2F
3-2: Foul Ball, location: 2F
3-2: Strikes out swinging, 2-3 out at first.
Batting: RHB Raúl Javier Jr. 0-0: Ball
1-0: Foul Ball, location: 2F
1-1: SINGLE (Flyball, 7LS)
Batting: RHB Alan Bryan 0-0: Ball
1-0: Ground out 5-3 (Groundball, 56S)
Raúl Javier Jr. to second
Batting: RHB Clarence Therrien 0-0: Ball
1-0: Called Strike
1-1: Ball
2-1: Called Strike
2-2: Ground out 6-3 (Groundball, 6)
Bottom of the 3rd over - 0 runs, 1 hit, 0 errors, 1 left on base; Gryfindor 0 - Pennsauken 1
TOP OF THE 4TH
Gryfindor Braves batting - Pitching for Pennsauken Flyers : RHP Romano Martínez
Batting: LHB Jesús Lazcano 0-0: Called Strike
0-1: Foul Ball, location: 2F
0-2: Ball
1-2: Strikes out swinging
Batting: LHB Austin Hathaway 0-0: Swinging Strike
0-1: Ball
1-1: Ball
2-1: Swinging Strike
2-2: Foul Ball, location: 2F
2-2: Foul Ball, location: 2F
2-2: SOLO HOME RUN (Line Drive, 7LD), Distance : 344 ft
Batting: LHB David Breitling 0-0: Ball
1-0: Ball
2-0: Called Strike
2-1: Fly out, F9 (Flyball, 89S)
Batting: RHB Bob Petiet 0-0: Fly out, F7 (Flyball, 7LSF)
Top of the 4th over - 1 run, 1 hit, 0 errors, 0 left on base; Gryfindor 1 - Pennsauken 1
BOTTOM OF THE 4TH
Pennsauken Flyers batting - Pitching for Gryfindor Braves : RHP Eduardo Molina
Batting: RHB Enrique Ibarra 0-0: Called Strike
0-1: Ball
1-1: Called Strike
1-2: Ball
2-2: Ball
3-2: Fly out, F8 (Flyball, 8LM)
Batting: RHB Ludwig Kluge 0-0: DOUBLE (Line Drive, 78D)
Batting: RHB Chris Teague 0-0: Ball
1-0: Foul Ball, location: 2F
1-1: Fly out, F8 (Line Drive, 78D)
Batting: RHB Bartolo Rosas 0-0: Ball
1-0: Swinging Strike
1-1: Ball
2-1: Foul Ball, location: 2F
2-2: Ball
3-2: Foul Ball, location: 2F
3-2: Base on Balls
Batting: LHB Juan Gabriel 0-0: Called Strike
0-1: SINGLE (Groundball, 4MD)
Ludwig Kluge to third
Bartolo Rosas to second
Runner from 3rd tries for Home, SAFE, no throw
Batting: RHB Kazuyoshi Yoshida 0-0: Ball
Bartolo Rosas steals 3rd base
1-0: Fielders Choice at 2nd, 6-4 (Groundball, 6)
Bottom of the 4th over - 1 run, 2 hits, 0 errors, 2 left on base; Gryfindor 1 - Pennsauken 2
TOP OF THE 5TH
Gryfindor Braves batting - Pitching for Pennsauken Flyers : RHP Romano Martínez
Batting: LHB Donatas Montiejunas 0-0: Ball
1-0: Called Strike
1-1: Ball
2-1: Swinging Strike
2-2: Foul Ball, location: 2F
2-2: Strikes out swinging
Batting: RHB Roy Herring 0-0: Ball
1-0: Ball
2-0: Fly out, F9 (Flyball, 9S)
Batting: RHB César Ramos 0-0: Foul Ball, location: 2F
0-1: Ball
1-1: Swinging Strike
1-2: Fly out, F8 (Flyball, 8LS)
Top of the 5th over - 0 runs, 0 hits, 0 errors, 0 left on base; Gryfindor 1 - Pennsauken 2
BOTTOM OF THE 5TH
Pennsauken Flyers batting - Pitching for Gryfindor Braves : RHP Eduardo Molina
Batting: RHB Raúl Javier Jr. 0-0: Ball
1-0: Called Strike
1-1: Ball
2-1: Foul Ball, location: 2F
2-2: Foul Ball, location: 2F
2-2: Foul Ball, location: 2F
2-2: Ground out 5-3 (Groundball, 5S)
Batting: RHB Alan Bryan 0-0: Ball
1-0: Ball
2-0: Ball
3-0: Called Strike
3-1: Ground out 5-3 (Groundball, 56)
Batting: RHB Clarence Therrien 0-0: Ball
1-0: Called Strike
1-1: Swinging Strike
1-2: Ball
2-2: Ball
3-2: Foul Ball, location: 2F
3-2: Fly out, F9 (Flyball, 9)
Bottom of the 5th over - 0 runs, 0 hits, 0 errors, 0 left on base; Gryfindor 1 - Pennsauken 2
TOP OF THE 6TH
Gryfindor Braves batting - Pitching for Pennsauken Flyers : RHP Romano Martínez
Batting: LHB José Cuervo 0-0: Ball
1-0: Ball
2-0: Foul Ball, location: 2F
2-1: DOUBLE (Line Drive, 89D)
Batting: RHB Ernesto Souza 0-0: Ball
1-0: Ball
2-0: Ball
3-0: Called Strike
3-1: Base on Balls
Batting: LHB Jesús Lazcano 0-0: Ball
1-0: Foul Ball, location: 2F
1-1: SINGLE (Line Drive, 78M)
José Cuervo to third
Ernesto Souza to second
Batting: LHB Austin Hathaway 0-0: Ball
1-0: Ball
2-0: Ball
3-0: Base on Balls
José Cuervo scores
Ernesto Souza to third
Jesús Lazcano to second
Batting: LHB David Breitling 0-0: Foul Ball, location: 2F
0-1: Ball
1-1: Called Strike
1-2: Ball
2-2: Strikes out looking
Batting: RHB Bob Petiet 0-0: Fly out, F7 (Flyball, 7S)
Batting: LHB Donatas Montiejunas 0-0: Ball
1-0: Called Strike
1-1: Ground out U3 (Groundball, 3)
Top of the 6th over - 1 run, 2 hits, 0 errors, 3 left on base; Gryfindor 2 - Pennsauken 2
BOTTOM OF THE 6TH
Pennsauken Flyers batting - Pitching for Gryfindor Braves : RHP Eduardo Molina
Batting: RHB Enrique Ibarra 0-0: Ball
1-0: Ball
2-0: Ground out 6-3 (Groundball, 56)
Batting: RHB Ludwig Kluge 0-0: Called Strike
0-1: Foul Ball, location: 2F
0-2: Foul Ball, location: 2F
0-2: Ball
1-2: Foul Ball, location: 2F
1-2: Strikes out swinging
Batting: RHB Chris Teague 0-0: Ball
1-0: Ground out 5-3 (Groundball, 5)
Bottom of the 6th over - 0 runs, 0 hits, 0 errors, 0 left on base; Gryfindor 2 - Pennsauken 2
TOP OF THE 7TH
Gryfindor Braves batting - Pitching for Pennsauken Flyers : RHP Romano Martínez
Pinch Hitting: LHB Ignacio Medine 0-0: Ball
1-0: Foul Ball, location: 2F
1-1: Ball
2-1: Foul Ball, location: 2F
2-2: Foul Ball, location: 2F
2-2: Ball
3-2: Fly out, F9 (Flyball, 9D)
Batting: RHB César Ramos 0-0: Hit by Pitch
Batting: LHB José Cuervo 0-0: Fly out, F7 (Flyball, 7S)
Batting: RHB Ernesto Souza 0-0: Called Strike
0-1: Called Strike
César Ramos is caught stealing 2nd base
Top of the 7th over - 0 runs, 0 hits, 0 errors, 0 left on base; Gryfindor 2 - Pennsauken 2
BOTTOM OF THE 7TH
Pennsauken Flyers batting - Pitching for Gryfindor Braves : RHP Eduardo Molina
Pitching: RHP Marv Bradford
Now at 3B: Emílio Gonzáles
Batting: RHB Bartolo Rosas 0-0: Called Strike
0-1: Ball
1-1: Called Strike
1-2: Strikes out looking
Batting: LHB Juan Gabriel 0-0: Ball
1-0: Called Strike
1-1: Fly out, F8 (Flyball, 8LXD)
Batting: RHB Kazuyoshi Yoshida 0-0: Ball
1-0: Ball
2-0: Ground out 6-3 (Groundball, 56)
Bottom of the 7th over - 0 runs, 0 hits, 0 errors, 0 left on base; Gryfindor 2 - Pennsauken 2
TOP OF THE 8TH
Gryfindor Braves batting - Pitching for Pennsauken Flyers : RHP Romano Martínez
Batting: RHB Ernesto Souza 0-0: Fly out, F7 (Flyball, 7LM)
Batting: LHB Jesús Lazcano 0-0: Ball
1-0: Fly out, F2 (Popup, 13S)
Batting: LHB Austin Hathaway 0-0: Ball
1-0: Foul Ball, location: 2F
1-1: Ball
2-1: Foul Ball, location: 2F
2-2: Ground out U3 (Groundball, 3)
Top of the 8th over - 0 runs, 0 hits, 0 errors, 0 left on base; Gryfindor 2 - Pennsauken 2
BOTTOM OF THE 8TH
Pennsauken Flyers batting - Pitching for Gryfindor Braves : RHP Marv Bradford
Batting: RHB Raúl Javier Jr. 0-0: Ball
1-0: Called Strike
1-1: Ball
2-1: Foul Ball, location: 2F
2-2: Foul Ball, location: 2F
2-2: Strikes out swinging
Batting: RHB Alan Bryan 0-0: Called Strike
0-1: Ball
1-1: Ball
2-1: Ball
3-1: Foul Ball, location: 2F
3-2: Foul Ball, location: 2F
3-2: Fly out, F8 (Flyball, 8RXD)
Batting: RHB Clarence Therrien 0-0: Ball
1-0: Fly out, F7 (Flyball, 78M)
Bottom of the 8th over - 0 runs, 0 hits, 0 errors, 0 left on base; Gryfindor 2 - Pennsauken 2
TOP OF THE 9TH
Gryfindor Braves batting - Pitching for Pennsauken Flyers : RHP Romano Martínez
Pitching: RHP Mau Delgado
Batting: LHB David Breitling 0-0: Ball
1-0: SINGLE (Groundball, 4MD)
Batting: RHB Bob Petiet 0-0: Ball
1-0: Ball
2-0: Ball
3-0: Called Strike
3-1: Foul Ball, location: 2F
3-2: Foul Ball, location: 2F
3-2: Foul Ball, location: 2F
3-2: Base on Balls
David Breitling to second
Batting: LHB Donatas Montiejunas 0-0: Foul Ball, location: 2F
0-1: Foul Ball, location: 2F
0-2: Ball
1-2: Foul Ball, location: 2F
1-2: Grounds into double play, 6-4-3 (Groundball, 6)
David Breitling to third
Pinch Hitting: RHB Gonzalo Ángel 0-0: Ball
1-0: Ball
2-0: Called Strike
2-1: SINGLE (Groundball, 56D)
David Breitling scores
Batting: RHB César Ramos 0-0: Ball
1-0: Ball
2-0: Called Strike
2-1: Fly out, F7 (Flyball, 7LSF)
Top of the 9th over - 1 run, 2 hits, 0 errors, 1 left on base; Gryfindor 3 - Pennsauken 2
BOTTOM OF THE 9TH
Pennsauken Flyers batting - Pitching for Gryfindor Braves : RHP Marv Bradford
Pitching: LHP León Vallejo
Now at 3B: Tyler Knopp
Batting: RHB Enrique Ibarra 0-0: Called Strike
0-1: Ball
1-1: Swinging Strike
1-2: Strikes out swinging
Batting: RHB Ludwig Kluge 0-0: Foul Ball, location: 2F
0-1: Ball
1-1: Foul Ball, location: 2F
1-2: SINGLE (Line Drive, 7LS)
Batting: RHB Chris Teague 0-0: Foul Ball, location: 2F
0-1: Ball
1-1: Ball
2-1: Foul Ball, location: 2F
2-2: Foul Ball, location: 2F
2-2: Strikes out swinging
Batting: RHB Bartolo Rosas 0-0: Ball
1-0: Fly out, F7 (Flyball, 78D)
Bottom of the 9th over - 0 runs, 1 hit, 0 errors, 1 left on base; Gryfindor 3 - Pennsauken 2
Wednesday, September 19th, 2018 - OOTP Baseball 18.8 Build 76